 Dungeon Crawl Stone Soup version 0.27.1-33-g824d729ab1 (webtiles) character file.

Game seed: 9574196261542021416

66 tkbsonic5 the Bolt Thrower (level 3, -7/28 HPs)
             Began as a Vampire Hunter on Nov 28, 2021.
             Killed from afar by Ijyb (9 damage)
             ... with a puff of flame
             ... on level 3 of the Dungeon.
             The game lasted 00:06:43 (1810 turns).

tkbsonic5 the Bolt Thrower (Vampire Hunter)         Turns: 1810, Time: 00:06:43

Health: -7/28      AC:  4    Str: 11    XL:     3   Next: 96%
Magic:  3/3        EV: 12    Int: 13    God:
Gold:   95         SH:  0    Dex: 15    Spells: 2/2 levels left

rFire    . . .     SeeInvis +   a - +1 hand crossbow
rCold    . . .     Faith    .   (no shield)
rNeg     . . .     Spirit   .   c - +0 leather armour
rPois    .         Reflect  .   (no helmet)
rElec    .         Harm     .   (no cloak)
rCorr    .         Rampage  .   (no gloves)
Will     .....                  e - +0 pair of boots
Stlth    ++........             (no amulet)
HPRegen  0.29/turn              (no ring)
MPRegen  0.08/turn              (no ring)

@: healing quickly
A: alive, fangs 3, see invisible, vampiric 2
a: Exsanguinate


You were on level 3 of the Dungeon.
You visited 1 branch of the dungeon, and saw 3 of its levels.

You collected 95 gold pieces.

Inventory:

Hand Weapons
 a - a +1 hand crossbow (weapon)
 g - a +0 hand axe
 i - a +0 hunting sling
 o - a +0 trident
Missiles
 d - 12 bolts (quivered ammo)
Armour
 c - a +0 leather armour (worn)
 e - a +0 pair of boots (worn)
 k - a +0 pair of boots
 p - a +0 kite shield
Wands
 m - a wand of digging (7)
Scrolls
 q - a scroll of fear {unknown}
Potions
 b - a potion of heal wounds {unknown}
 f - a potion of magic {unknown}
 h - a potion of mutation {unknown}
 j - a potion of brilliance {unknown}
 l - a potion of might {unknown}
 n - a potion of haste {unknown}


   Skills:
 * Level 2.4 Fighting
 - Level 0.4 Slings
 * Level 3.6 Crossbows
 * Level 3.0 Dodging
 + Level 2.6 Stealth
 * Level 0.1 Evocations


You had 2 spell levels left.
You didn't know any spells.
Your spell library was empty.

Dungeon Overview and Level Annotations

Branches:
Dungeon (3/15)

Altars:

Shops:
D:2 (

Annotations:
D:2 1 runed translucent door, Crazy Yiuf
D:3 Ijyb


Innate Abilities, Weirdness & Mutations

Your natural rate of healing is accelerated.
You have razor-sharp teeth.
You have supernaturally acute eyesight. (SInv)
You are afflicted with vampirism and can become a bat while bloodless.


Message History

Ijyb is lightly wounded.
Ijyb completely misses you.
You shoot a bolt. The bolt closely misses Ijyb.
Ijyb zaps a wand.
The puff of flame misses you.
Okay, then.
You shoot a bolt. The bolt hits Ijyb.
Ijyb is moderately wounded.
Ijyb hits you with a +0 dagger.
You shoot a bolt. The bolt closely misses Ijyb.
Ijyb hits you with a +0 dagger. Ijyb hits you but does no damage.
You shoot a bolt. The bolt hits Ijyb.
Ijyb is severely wounded.
Ijyb closely misses you.
You shoot a bolt. The bolt hits Ijyb but does no damage.
Ijyb is severely wounded.
Ijyb closely misses you.
You shoot a bolt. The bolt closely misses Ijyb.
Ijyb zaps a wand.
The puff of flame hits you!
You are too injured to fight recklessly!
You are too injured to fight recklessly!
Fire: 15 bolts
Press: ? - help, Q - select action Shift-Dir - straight line, f/p - Ijyb
Aim: Ijyb, wielding a +0 dagger, wearing a +0 ring mail and carrying a wand of flame (18) (severely wounded, 62% to hit)
You shoot a bolt. The bolt hits Ijyb.
Ijyb is almost dead.
Ijyb barely misses you.
Ijyb zaps a wand.
The puff of flame hits you!
* * * LOW HITPOINT WARNING * * *
Fire: 14 bolts
Press: ? - help, Q - select action Shift-Dir - straight line, f/p - Ijyb
Aim: Ijyb, wielding a +0 dagger, wearing a +0 ring mail and carrying a wand of flame (17) (almost dead, 62% to hit)
You shoot a bolt. The bolt hits Ijyb but does no damage.
Ijyb is almost dead.
Ijyb completely misses you.
Fire: 13 bolts
Press: ? - help, Q - select action Shift-Dir - straight line, f/p - Ijyb
Aim: Ijyb, wielding a +0 dagger, wearing a +0 ring mail and carrying a wand of flame (17) (almost dead, 62% to hit)
You shoot a bolt. The bolt hits Ijyb but does no damage.
Ijyb is almost dead.
Ijyb zaps a wand.
The puff of flame hits you!
You die...

.#.####...##### .. ...#
#...# (. #### #...# .#
# #...# (##. ######...#
(>. .........########.#
##..###..##....((.###
#..##...##.###g(...#
..............#@###.>.#
##..##.#.##.#...# ...
#. #.#.##.###.# . ..
....##.# #... .
###.###.. ....# #. ###
###.# #. .. #. .##


You could see Ijyb.

Vanquished Creatures
  3 adders
  2 worms
  A dart slug (D:2)
  3 endoplasms (D:2)
  3 goblins
  3 hobgoblins
  4 jackals (D:2)
  2 kobolds
  A ball python (D:2)
  4 bats
  A frilled lizard (D:3)
  2 rats (D:2)
29 creatures vanquished.

Notes
Turn   | Place    | Note
-------+----------+-------------------------------------------
     0 | D:1      | tkbsonic5 the Vampire Hunter began the quest for the Orb.
     0 | D:1      | Reached XP level 1. HP: 16/16 MP: 1/1
   227 | D:1      | You fall into a shaft and drop 1 floor!
   233 | D:2      | Reached XP level 2. HP: 22/22 MP: 2/2
   402 | D:2      | Found Epnourar's Weapon Shoppe.
   565 | D:2      | Gained mutation: You are afflicted with vampirism and can
                  | become a bat while bloodless. [Vampire growth]
   565 | D:2      | Reached XP level 3. HP: 27/27 MP: 3/3
   796 | D:2      | Found a runed translucent door.
   797 | D:2      | Noticed Crazy Yiuf
  1796 | D:3      | Noticed Ijyb
  1810 | D:3      | Killed from afar by Ijyb

Illustrated notes

Levels and vault maps discovered:
D:1:      eino_arrival_water_cross, layout_basic, serial_forest,
          infiniplex_forest_clump_tiny, infiniplex_forest_end_double,
          infiniplex_forest_lined_3_way, infiniplex_forest_straight_3,
          infiniplex_forest_clump_long, infiniplex_forest_end_1
D:2:      layout_basic, serial_shops, shop, minmay_quantized,
          uniq_crazy_yiuf_cottage
D:3:      layout_loops_cross, solitary_fountain, st_stairs_14, uniq_terence,
          uniq_ijyb

Skill      XL: |  1  2  3 |
---------------+----------+-----
Fighting       | 2 |  2.4
Stealth        | 2 |  2.6
Dodging        | 3 |  3.0
Slings         | |  0.4
Crossbows      | |  3.6
Evocations     | |  0.1

Action                   || total
-------------------------++-------
Melee: Hand axe          ||    10
       Bite              ||     1
       Short sword       ||     2
 Fire: Hand crossbow     ||    76
  Use: Scroll            ||     2
Armor: Leather armour    ||    17
Dodge: Dodged            ||    32
